 Dungeon Crawl Stone Soup version 0.28.0-53-g5a82cb258f (webtiles) character file.

Game seed: 5112715907612762849

6943 sanboga the Grappler (level 10, -6/102 HPs)
             Began as a Troll Berserker on July 28, 2022.
             Was an Elder of Trog.
             Mangled by a yak (11 damage)
             ... on level 10 of the Dungeon.
             The game lasted 00:11:52 (6034 turns).

sanboga the Grappler (Troll Berserker)              Turns: 6034, Time: 00:11:53

Health: -6/102     AC:  5    Str: 31    XL:     10   Next: 80%
Magic:  0/9        EV: 11    Int:  3    God:    Trog [****..]
Gold:   57         SH:  0    Dex:  9    Spells: 9/9 levels left

rFire   . . .      SeeInvis +     - Unarmed
rCold   . . .      Faith    .   (no shield)
rNeg    . . .      Spirit   +   a - +0 animal skin
rPois   .          Reflect  .   (helmet restricted)
rElec   .          Harm     .   j - +0 cloak
rCorr   .          Rampage  .   (gloves unavailable)
Will    .....                   (boots unavailable)
Stlth   +.........              k - amulet of guardian spirit
HPRegen 1.07/turn               w - ring of see invisible
MPRegen 0.11/turn               x - ring of flight

@: on berserk cooldown, flying, slowed, very slow
A: large, unfitting armour, claws 3, regeneration 1, shaggy fur 1, tough skin 1
a: Renounce Religion, Berserk, Trog's Hand, Brothers in Arms


You were on level 10 of the Dungeon.
You worshipped Trog.
Trog was greatly pleased with you.
You visited 1 branch of the dungeon, and saw 10 of its levels.

You collected 520 gold pieces.
You spent 463 gold pieces at shops.

Inventory:

Hand Weapons
 g - a +1 war axe of flaming
Armour
 a - a +0 animal skin (worn)
 j - a +0 cloak (worn)
Jewellery
 k - an amulet of guardian spirit (around neck)
 p - the ring "Roahin" {rC+ Dex+6}
   (You took it off a goblin on level 4 of the Dungeon)

   [ring of dexterity]

   Dex:       It affects your dexterity (+6).
   rC:        It protects you from cold.
 w - a ring of see invisible (left claw)
 x - a ring of flight (right claw)
 y - a ring of protection from fire
 C - a ring of resist corrosion
Scrolls
 f - 8 scrolls of teleportation
 l - a scroll of enchant armour
 s - 2 scrolls of amnesia {unknown}
 t - 2 scrolls of immolation {unknown}
 u - 3 scrolls of enchant weapon {unknown}
 v - 2 scrolls of magic mapping {unknown}
 B - 3 scrolls of blinking
Potions
 b - 7 potions of heal wounds
 d - 3 potions of cancellation
 h - 4 potions of curing
 n - a potion of ambrosia
 r - 2 potions of flight
 z - a potion of mutation
 D - a potion of resistance


   Skills:
 + Level 7.4 Fighting
 + Level 7.4 Dodging
 * Level 12.2 Unarmed Combat


You had 9 spell levels left.
You didn't know any spells.
Your spell library was empty.

Dungeon Overview and Level Annotations

Branches:
Dungeon (9/15)             Temple (0/1) D:6            Lair (0/6) D:8
    Orc: D:9-12

Altars:
Ashenzari
Dithmenos
Elyvilon
Fedhas
Gozag
Hepliaklqana
Nemelex Xobeh
Okawaru
Qazlal
Sif Muna
Trog
Vehumet
Xom
Yredelemnul

Shops:
D:3 (   D:7 *   D:8 :**


Innate Abilities, Weirdness & Mutations

You are too large for most types of armour.
You have claws for hands.
Your natural rate of healing is unusually fast.
You are covered in fur. (AC +1)
You have tough skin. (AC +1)


Message History

Trog accepts your kill. The yak gores you.
* * * LOW HITPOINT WARNING * * *
You barely miss the yak. The yak gores you!
* * * LOW HITPOINT WARNING * * *
You feel a strong urge to attack something.
You are no longer berserk.
You are exhausted.
You feel yourself slow down.
As you read the scroll of fear, it crumbles to dust.
You assume a fearsome visage.
The yak looks frightened! x2
Aiming: Paralyse
Press: ? - help, Shift-Dir - straight line, f - yak
Aim: a yak (chance to affect: 49%)
The yak resists with some effort.
Aiming: Paralyse
Press: ? - help, Shift-Dir - straight line, f/p - yak
Aim: a yak (chance to affect: 49%)
The yak resists with some effort.
Aiming: Paralyse
Press: ? - help, Shift-Dir - straight line, f/p - yak
Aim: a yak (chance to affect: 49%)
The yak resists with some effort.
Aiming: Paralyse
Press: ? - help, Shift-Dir - straight line, f/p - yak
Aim: a yak (chance to affect: 49%)
The yak resists with some effort.
The yak gores you.
* * * LOW HITPOINT WARNING * * *
The yak gores you.
* * * LOW HITPOINT WARNING * * *
Aiming: Paralyse
Press: ? - help, Shift-Dir - straight line, f/p - yak
Aim: a yak (chance to affect: 49%)
The yak resists with some effort.
The now-empty wand crumbles to dust.
The yak gores you!
* * * LOW HITPOINT WARNING * * *
You feel much better. The yak gores you!
* * * LOW HITPOINT WARNING * * *
The yak gores you!
You die...

......#.....$
######........#
..............#
.......!...)..#
######.#.)Y####
###...†.#
........#
#####..Y# #..@#
#####


You could see 2 yaks.

Vanquished Creatures
  2 two-headed ogres (D:10)
  Pikel (D:5)
  A komodo dragon (D:8)
  The ghost of turdburglar the Magician, an amateur DsTm of Makhleb (D:4)
  Sigmund (D:5)
  7 yaks (D:10)
  A steam dragon (D:8)
  An acid dragon (D:8)
  2 water moccasins (D:7)
  2 sky beasts (D:5)
  An orc warrior (D:6)
  3 ogres
  2 centaurs
  2 phantoms
  4 kobold brigands
  A lemure (D:5)
  3 bullfrogs
  A gnoll sergeant (D:6)
  A scorpion (D:7)
  2 water moccasin skeletons
  A wyvern skeleton (D:7)
  16 killer bees (D:8)
  5 wights (D:6)
  A lava snake (D:7)
  A centaur zombie (D:6)
  A jelly (D:8)
  3 bullfrog skeletons
  2 orc priests
  5 iguanas
  A gnoll shaman (D:7)
  3 orc wizards
  2 killer bee zombies
  18 gnolls
  9 adders
  A white imp (D:6)
  An ufetubus (D:5)
  2 worms
  3 dart slugs
  16 orcs
  5 bats
  5 endoplasms
  2 giant cockroaches
  5 hobgoblins
  23 kobolds
  A quokka (D:1)
  6 ball pythons
  3 frilled lizards
  4 goblins
  8 rats
192 creatures vanquished.

Vanquished Creatures (others)
  12 plants
  2 withered plants (D:4)
14 creatures vanquished.

Grand Total: 206 creatures vanquished

Notes
Turn   | Place    | Note
-------+----------+-------------------------------------------
     0 | D:1      | sanboga the Troll Berserker began the quest for the Orb.
     0 | D:1      | Reached XP level 1. HP: 22/22 MP: 0/0
   136 | D:1      | Reached XP level 2. HP: 29/29 MP: 1/1
   739 | D:2      | Reached XP level 3. HP: 25/36 MP: 2/2
  1038 | D:2      | Found a faded altar of an unknown god.
  1339 | D:3      | Reached ** piety under Trog
  1394 | D:3      | Found a blossoming altar of Fedhas.
  1418 | D:3      | Reached skill level 4 in Unarmed Combat
  1563 | D:3      | Reached XP level 4. HP: 44/44 MP: 3/3
  1891 | D:3      | Found Deeck's Weapon Emporium.
  1931 | D:3      | Reached XP level 5. HP: 53/53 MP: 4/4
  2208 | D:4      | Reached skill level 5 in Unarmed Combat
  2354 | D:4      | Found a runed translucent door.
  2354 | D:4      | Noticed turdburglar's ghost (amateur DsTm)
  2377 | D:4      | Found a hazy altar of Hepliaklqana.
  2378 | D:4      | Found a shimmering altar of Xom.
  2379 | D:4      | Noticed a spectral ugly thing
  2549 | D:4      | Identified the ring "Roahin" {rC+ Dex+6}
  2743 | D:4      | Found a basalt altar of Yredelemnul.
  2743 | D:4      | Found a broken altar of Ashenzari.
  2751 | D:4      | Found a stormy altar of Qazlal.
  2753 | D:4      | Found a bloodstained altar of Trog.
  2755 | D:4      | Found an opulent altar of Gozag.
  2958 | D:4      | Killed turdburglar's ghost
  2959 | D:4      | Reached XP level 6. HP: 62/62 MP: 5/5
  2996 | D:5      | Entered Level 5 of the Dungeon
  3007 | D:5      | Noticed Pikel
  3013 | D:5      | Reached skill level 6 in Unarmed Combat
  3028 | D:5      | Killed Pikel
  3029 | D:5      | Reached skill level 7 in Unarmed Combat
  3029 | D:5      | Reached XP level 7. HP: 55/71 MP: 2/6
  3117 | D:5      | Reached XP level 8. HP: 79/79 MP: 7/7
  3200 | D:5      | Found a shimmering blue altar of Sif Muna.
  3219 | D:5      | Noticed Sigmund
  3225 | D:5      | Killed Sigmund
  3226 | D:5      | Reached skill level 5 in Fighting
  3226 | D:5      | Reached skill level 5 in Dodging
  3226 | D:5      | Reached skill level 8 in Unarmed Combat
  3240 | D:5      | Found a radiant altar of Vehumet.
  3404 | D:5      | Reached *** piety under Trog
  3624 | D:6      | Found a shadowy altar of Dithmenos.
  3709 | D:6      | Reached XP level 9. HP: 88/88 MP: 6/8
  3716 | D:6      | Reached skill level 9 in Unarmed Combat
  3795 | D:6      | Found a staircase to the Ecumenical Temple.
  4006 | D:6      | Found a white marble altar of Elyvilon.
  4401 | D:7      | Found Aqopp's Assorted Antiques.
  4413 | D:7      | Reached **** piety under Trog
  4618 | D:7      | Reached skill level 10 in Unarmed Combat
  4870 | D:7      | Found a sparkling altar of Nemelex Xobeh.
  5195 | D:8      | Found a staircase to the Lair.
  5195 | D:8      | Noticed a komodo dragon
  5212 | D:8      | Killed a komodo dragon
  5267 | D:8      | Found Cyxixz Tump's Book Shop.
  5329 | D:8      | Reached XP level 10. HP: 100/100 MP: 9/9
  5443 | D:8      | Reached skill level 11 in Unarmed Combat
  5455 | D:7      | Bought a scroll labelled NITTUT OZOUTUPH for 36 gold pieces
  5455 | D:7      | Bought a scroll labelled VURYKK APINEU for 36 gold pieces
  5455 | D:7      | Bought a scroll labelled PISOSK IJURHU for 36 gold pieces
  5470 | D:8      | Found Muihiw's General Store.
  5511 | D:8      | Bought a scroll of blinking for 90 gold pieces
  5511 | D:8      | Bought a potion of heal wounds for 60 gold pieces
  5511 | D:8      | Found Acwuziar's Assorted Antiques.
  5539 | D:8      | Bought a potion of heal wounds for 130 gold pieces
  5539 | D:8      | Bought a bubbling amethyst potion for 23 gold pieces
  5539 | D:8      | Bought a scroll labelled OLUHET ENWEA for 26 gold pieces
  5539 | D:8      | Bought a scroll labelled PISOSK IJURHU for 26 gold pieces
  5640 | D:8      | HP: 5/100 [poisoned by a killer bee]
  5645 | D:8      | HP: 3/100 [poisoned by a killer bee]
  5735 | D:8      | Found an iron altar of Okawaru.
  5984 | D:9      | You are sucked into a shaft and drop 1 floor!
  5984 | D:10     | Entered Level 10 of the Dungeon
  5984 | D:10     | Noticed a two-headed ogre
  5985 | D:10     | Noticed a two-headed ogre
  5990 | D:10     | Killed a two-headed ogre
  5995 | D:10     | Killed a two-headed ogre
  6008 | D:10     | Reached skill level 12 in Unarmed Combat
  6021 | D:10     | HP: 1/153 [yak (12)]
  6033 | D:10     | HP: 5/102 [yak (8)]
  6034 | D:10     | Mangled by a yak

Illustrated notes

Levels and vault maps discovered:
D:1:      heliophobic_arrival_ceremonial_halls, layout_basic,
          minmay_pentomino_p4
D:2:      layout_basic, ebering_ecumenical_altar_box
D:3:      layout_basic, fedhas_ov_isle_minmay, serial_shops,
          nicolae_shop_bloodbath_and_beyond
D:4:      layout_basic, regret_index_temple_of_mockery,
          chequers_temple_overflow_minitemple, gammafunk_ghost_grave
D:5:      layout_cave_pools, nicolae_vehumet_radiance,
          mainiacjoe_overflow_24_doors, chequers_serial_rivers_micro_c,
          uniq_pikel, uniq_sigmund
D:6:      layout_rooms, overflow_temple_1_default, elyvilon_altar_5,
          lemuel_temple_firewalk_a, kennysheep_generic_room_6
D:7:      layout_basic, nemelex_dance_club_becter, minmay_misc_feat_columns,
          nicolae_take_the_stairs, grunt_decor_arrowhead, minmay_misc_feat_rows,
          kennysheep_generic_room_2
D:8:      layout_rooms, lemuel_tele_altar, david_lair_shrubbed, serial_shops,
          kennysheep_mini_moat, shop, nicolae_shop_window_shopping
D:9:      layout_basic, roderic_serpentine_path, uniq_grum
D:10:     layout_rooms

Skill      XL: |  1  2  3  4  5  6  7  8  9 10 |
---------------+-------------------------------+-----
Unarmed Combat | 4 5 7 8 10 12 | 12.2
Dodging        | 3 4 5 6 7 |  7.4
Fighting       | 3 4 5 6 7 |  7.4

Action                   |  1- 3 |  4- 6 |  7- 9 | 10-12 || total
-------------------------+-------+-------+-------+-------++-------
Melee: Unarmed           |    90 |    97 |   210 |   101 ||   498
       Punch             |     2 |     3 |     5 |     7 ||    17
Invok: Berserk           |       |     4 |     3 |     3 ||    10
Evoke: Wand              |       |       |       |     5 ||     5
  Use: Scroll            |       |       |     1 |    11 ||    12
       Potion            |       |       |     1 |     1 ||     2
 Stab: Sleeping          |       |       |     2 |       ||     2
Armor: Animal skin       |    20 |    31 |    53 |    28 ||   132
Dodge: Dodged            |    32 |    58 |   149 |    93 ||   332
